 Dungeon Crawl Stone Soup version 0.19.5 (webtiles) character file.

247 Scud the Shield-Bearer (level 5, -6/47 HPs)
             Began as a Minotaur Fighter on Mar 15, 2017.
             Killed from afar by Natasha (9 damage)
             ... with a wand of flame
             ... on level 3 of the Dungeon.
             The game lasted 00:16:28 (2628 turns).

Scud the Shield-Bearer (Minotaur Fighter)           Turns: 2628, Time: 00:16:29

Health: -6/47      AC: 12    Str: 19 (21) XL:     5   Next: 85%
Magic:  4/4        EV:  5    Int:  4 (5)  God:
Gold:   168        SH: 10    Dex:  8 (10) Spells: 0 memorised, 4 levels left

rFire  . . .     SeeInvis .     s - -3 morningstar (curse)
rCold  . . .     Gourm    .     t - +0 chain mail
rNeg   . . .     Faith    .     c - +1 shield
rPois  .         Spirit   .     (helmet restricted)
rElec  .         Reflect  .     (no cloak)
rCorr  .         Harm     .     e - +0 pair of gloves (curse)
MR     .....                    n - +0 pair of boots
Stlth  ..........               (no amulet)
                                (no ring)
                                (no ring)

@: lethally poisoned (-6 -> -8)
A: retaliatory headbutt, horns 2
a: no special abilities


You were on level 3 of the Dungeon.
You were not hungry.

You visited 1 branch of the dungeon, and saw 3 of its levels.

You collected 168 gold pieces.

Inventory:

Hand Weapons
 a - a +1 flail
 s - a cursed -3 morningstar (weapon)
Armour
 b - a +0 scale mail
 c - a +1 shield (worn)
 e - a cursed +0 pair of gloves (worn)
 m - a +0 pair of boots
 n - a +0 pair of boots (worn)
 t - a +0 chain mail (worn)
Jewellery
 h - an uncursed ring of protection from fire {unknown}
 j - an uncursed ring of ice
 r - a cursed -3 ring of intelligence {unknown}
Scrolls
 d - 2 scrolls of blinking {unknown}
 g - a scroll of magic mapping {unknown}
 q - a scroll of noise
Comestibles
 f - 2 bread rations
 i - a meat ration
 k - a beef jerky
 l - a slice of pizza
 o - a royal jelly


   Skills:
 + Level 4.6 Fighting
 + Level 4.3 Maces & Flails
 + Level 4.7 Armour
 + Level 0.9 Dodging
 + Level 5.5 Shields


You had 4 spell levels left.
You didn't know any spells.

Dungeon Overview and Level Annotations

Branches:
Dungeon (3/15)

Altars:
Elyvilon

Annotations:
D:3 Natasha


Innate Abilities, Weirdness & Mutations

You reflexively headbutt those who attack you in melee.
You have a pair of horns on your head.


Message History

You hit the adder but do no damage.
The adder is severely wounded.
* * * LOW HITPOINT WARNING * * *
You feel sick. The adder closely misses you. You block the adder's attack.
Natasha, Servant of Life and Death comes into view.
You barely miss the adder.
The adder is severely wounded.
Natasha hisses angrily.
You block the adder's attack.
Natasha moves out of view.
The adder bites you but does no damage.
You closely miss the adder.
The adder is severely wounded.
* * * LOW HITPOINT WARNING * * *
You feel sick. The adder barely misses you.
The adder bites you but does no damage.
Your shield prevents you from hitting the adder.
The adder is severely wounded.
* * * LOW HITPOINT WARNING * * *
You feel sick.
Natasha zaps a wand.
The puff of flame hits you!
You die...

#......# .♣♣ #......# ♣♣.♣
#......# ♣..♣♣♣ .......# ♣....
.......##### #+..+# ####### #
.#.........###....# #.....# ..
.#####.###.#.##...######.....##.#
..............h....))..÷.........
.###.#.###.#.##.@###)###.........
...#.#.....#.###S#...............
.#.#.#####(#.# #s#..........#...[
.#.#...# #.# #o#..........#...>
...###.# #.###oo..........#....
...# #.# #.#...o..........#....
...###.# #.#.##...........#....
.......#####.#[ #...........#####
..÷..........# ##........(.#


You could see an orc priest, Natasha, an adder, 3 orcs and a giant cockroach.

Vanquished Creatures
  An orc wizard (D:3)
  Terence (D:2)
  Natasha (twice) (D:2)
  3 gnolls (D:3)
  4 adders
  3 worms
  5 dart slugs
  2 leopard geckos (D:2)
  2 orcs (D:3)
  2 ball pythons
  4 giant cockroaches
  4 goblins
  8 hobgoblins
  6 kobolds
  A quokka (D:2)
  7 bats
  4 frilled lizards
  4 rats
63 creatures vanquished.

Notes
Turn   | Place    | Note
-------+----------+-------------------------------------------
     0 | D:1      | Scud the Minotaur Fighter began the quest for the Orb.
     0 | D:1      | Reached XP level 1. HP: 19/19 MP: 0/0
   255 | D:1      | Reached XP level 2. HP: 27/27 MP: 1/1
   447 | D:1      | Reached skill level 4 in Shields
   995 | D:1      | Reached XP level 3. HP: 31/33 MP: 2/2
  1190 | D:2      | Found a white marble altar of Elyvilon.
  1447 | D:2      | Noticed Natasha
  1451 | D:2      | Killed Natasha
  1451 | D:2      | Reached XP level 4. HP: 38/40 MP: 3/3
  1625 | D:2      | Noticed Natasha
  1637 | D:2      | Killed Natasha
  1693 | D:2      | Noticed Terence
  1705 | D:2      | Killed Terence
  1705 | D:2      | Reached XP level 5. HP: 39/47 MP: 4/4
  2324 | D:3      | Reached skill level 5 in Shields
  2626 | D:3      | Noticed Natasha
  2628 | D:3      | Killed from afar by Natasha

Skill      XL: |  1  2  3  4  5 |
---------------+----------------+-----
Shields        | 4 5 |  5.5
Fighting       | 4 |  4.6
Armour         | 4 |  4.7
Maces & Flails | 3 4 |  4.3
Dodging        | |  0.9

Action                   |  1- 3 |  4- 6 || total
-------------------------+-------+-------++-------
Melee: Flail             |    92 |    46 ||   138
       Headbutt          |    14 |    20 ||    34
       Morningstar       |       |   108 ||   108
  Use: Potion            |     1 |     4 ||     5
       Scroll            |     2 |     4 ||     6
  Eat: Bread ration      |     1 |       ||     1
       Chunk             |       |     2 ||     2
Armor: Scale mail        |    51 |     8 ||    59
       Chain mail        |       |    85 ||    85
Dodge: Dodged            |    23 |    47 ||    70
Block: Shield            |    47 |   127 ||   174
